MLB
BOSTON RED SOX @ OAKLAND ATHLETICS
09/06/2047
 
TOP OF THE 1ST
Boston Red Sox batting - Pitching for Oakland Athletics : RHP Franklin Rojas
Pitching: RHP Franklin Rojas
Batting: RHB Cesar Breceda 0-0: Foul Ball, location: 2F
0-1: Ball
1-1: Ball
2-1: Called Strike
2-2: Strikes out swinging
Batting: LHB Shoichi Aso 0-0: Ground out 6-3 (Groundball, 6, EV 86.9 MPH)
Batting: LHB Kevin McCormic Jr. 0-0: Ground out 3-1 (Groundball, 34S, EV 81.2 MPH)
Top of the 1st over - 0 runs, 0 hits, 0 errors, 0 left on base; Boston 0 - Oakland 0
BOTTOM OF THE 1ST
Oakland Athletics batting - Pitching for Boston Red Sox : RHP Reece Nichols
Pitching: RHP Reece Nichols
Batting: SHB Moe Lester 0-0: Called Strike
0-1: Foul Ball, location: 2F
0-2: Strikes out swinging
Batting: RHB Muneo Kawachi 0-0: Ball
1-0: Ball
2-0: Called Strike
2-1: Swinging Strike
2-2: Ball
3-2: Ground out 6-3 (Groundball, 6, EV 100.0 MPH)
Batting: LHB Joel Kunkler 0-0: Called Strike
0-1: Foul Ball, location: 2F
0-2: Fly out, F8 (Flyball, 8RD, EV 94.4 MPH)
Bottom of the 1st over - 0 runs, 0 hits, 0 errors, 0 left on base; Boston 0 - Oakland 0
TOP OF THE 2ND
Boston Red Sox batting - Pitching for Oakland Athletics : RHP Franklin Rojas
Batting: RHB David Price Jr. 0-0: Ball
1-0: Fly out, F7 (Line Drive, 7LM, EV 87.5 MPH)
Batting: LHB Jarrett Mordecai 0-0: Ball
1-0: Fly out, F8 (Flyball, 8RXD, EV 94.4 MPH)
Batting: LHB Zack Guillen 0-0: Ball
1-0: Ball
2-0: Ground out 4-3 (Groundball, 4, EV 85.0 MPH)
Top of the 2nd over - 0 runs, 0 hits, 0 errors, 0 left on base; Boston 0 - Oakland 0
BOTTOM OF THE 2ND
Oakland Athletics batting - Pitching for Boston Red Sox : RHP Reece Nichols
Batting: LHB Sakae Kasahara 0-0: Called Strike
0-1: Swinging Strike
0-2: Ball
1-2: Fly out, F7 (Flyball, 78M, EV 96.9 MPH)
Batting: SHB Quincy Bradford 0-0: Ball
1-0: Ball
2-0: Ball
3-0: Called Strike
3-1: Swinging Strike
3-2: Base on Balls
Batting: RHB Randy Shrewsbury 0-0: Called Strike
0-1: Ball
1-1: Ground out 6-3 (Groundball, 6S, EV 65.0 MPH)
Quincy Bradford to second
Batting: LHB Al Hernandez 0-0: Ball
1-0: Ball
2-0: Ball
3-0: Base on Balls
Batting: SHB Ryan Langlois 0-0: Ball
1-0: Ball
2-0: Called Strike
2-1: Foul Ball, location: 2F
2-2: Ball
3-2: SINGLE (Line Drive, 7S, EV 91.9 MPH)
Quincy Bradford to third
Al Hernandez to second
Quincy Bradford scores
Al Hernandez to third
Batting: RHB Philip Jansen 0-0: Ball
1-0: Foul Ball, location: 2F
1-1: Called Strike
1-2: Foul Ball, location: 2F
1-2: Ball
2-2: Foul Ball, location: 2F
2-2: Ground out 4-3 (Groundball, 34, EV 103.8 MPH)
Bottom of the 2nd over - 1 run, 1 hit, 0 errors, 2 left on base; Boston 0 - Oakland 1
TOP OF THE 3RD
Boston Red Sox batting - Pitching for Oakland Athletics : RHP Franklin Rojas
Batting: RHB Nick Esteves 0-0: Ball
1-0: Swinging Strike
1-1: Ball
2-1: Ground out 4-3 (Groundball, 4, EV 85.0 MPH)
Batting: SHB Greg Shaw 0-0: DOUBLE (Flyball, 78XD, EV 98.8 MPH)
Batting: SHB Willie Koviak 0-0: Ball
1-0: Ground out 4-3 (Groundball, 4D, EV 106.2 MPH)
Greg Shaw to third
Batting: RHB Cesar Breceda 0-0: Called Strike
0-1: Ball
1-1: Ball
2-1: Foul Ball, location: 2F
2-2: Foul Ball, location: 2F
2-2: Ball
3-2: Strikes out swinging
Top of the 3rd over - 0 runs, 1 hit, 0 errors, 1 left on base; Boston 0 - Oakland 1
BOTTOM OF THE 3RD
Oakland Athletics batting - Pitching for Boston Red Sox : RHP Reece Nichols
Batting: SHB Moe Lester 0-0: Foul Ball, location: 2F
0-1: Ball
1-1: Swinging Strike
1-2: Ground out 2-3 (Groundball, 2R, EV 65.0 MPH)
Batting: RHB Muneo Kawachi 0-0: Called Strike
0-1: Called Strike
0-2: Foul Ball, location: 2F
0-2: Ball
1-2: Ball
2-2: Ball
3-2: Ground out 6-3 (Groundball, 6, EV 106.9 MPH)
Batting: LHB Joel Kunkler 0-0: Ball
1-0: Ball
2-0: Ball
3-0: Called Strike
3-1: Base on Balls
Batting: LHB Sakae Kasahara 0-0: Ball
1-0: Ground out 4-3 (Groundball, 34D, EV 90.6 MPH)
Bottom of the 3rd over - 0 runs, 0 hits, 0 errors, 1 left on base; Boston 0 - Oakland 1
TOP OF THE 4TH
Boston Red Sox batting - Pitching for Oakland Athletics : RHP Franklin Rojas
Batting: LHB Shoichi Aso 0-0: Ground out 5-3 (Groundball, 5L, EV 80.0 MPH)
Batting: LHB Kevin McCormic Jr. 0-0: Ball
1-0: Swinging Strike
1-1: Called Strike
1-2: Fly out, F9 (Flyball, 89M, EV 78.1 MPH)
Batting: RHB David Price Jr. 0-0: Foul Ball, location: 2F
0-1: Ball
1-1: Foul Ball, location: 2F
1-2: Ball
2-2: Ground out 6-3 (Groundball, 6, EV 106.9 MPH)
Top of the 4th over - 0 runs, 0 hits, 0 errors, 0 left on base; Boston 0 - Oakland 1
BOTTOM OF THE 4TH
Oakland Athletics batting - Pitching for Boston Red Sox : RHP Reece Nichols
Batting: SHB Quincy Bradford 0-0: Ball
1-0: DOUBLE (Flyball, 89D, EV 100.0 MPH)
Batting: RHB Randy Shrewsbury 0-0: Ball
1-0: Called Strike
1-1: Called Strike
1-2: Ball
2-2: SINGLE (Line Drive, 78M, EV 101.9 MPH)
Quincy Bradford to third
Batting: LHB Al Hernandez 0-0: Swinging Strike
0-1: DOUBLE (Flyball, 78D, EV 100.6 MPH)
Quincy Bradford scores
Randy Shrewsbury to third
Batting: SHB Ryan Langlois 0-0: Foul Ball, location: 2F
0-1: Ball
1-1: Foul Ball, location: 2F
1-2: Ground out 3-1 (Groundball, 34, EV 103.1 MPH)
Randy Shrewsbury scores
Al Hernandez to third
Batting: RHB Philip Jansen 0-0: Called Strike
0-1: Foul Ball, location: 2F
0-2: Foul Ball, location: 2F
0-2: Foul Ball, location: 2F
0-2: Ball
1-2: Foul Ball, location: 2F
1-2: Ball
2-2: Foul Ball, location: 2F
2-2: Foul Ball, location: 2F
2-2: SINGLE (Line Drive, 9S, EV 110.6 MPH)
Al Hernandez scores
Batting: SHB Moe Lester 0-0: SINGLE (Groundball, 4D, EV 101.2 MPH)
Philip Jansen to second
Runner from 2nd tries for 3rd, SAFE, throw by CF made to third
Batting: RHB Muneo Kawachi 0-0: Called Strike
0-1: Called Strike
0-2: Ball
1-2: Ball
2-2: Ball
3-2: Foul Ball, location: 2F
3-2: Foul Ball, location: 2F
3-2: Strikes out looking
Batting: LHB Joel Kunkler 0-0: Ball
1-0: Ball
2-0: Called Strike
2-1: Foul Ball, location: 2F
2-2: Foul Ball, location: 2F
2-2: Ball
3-2: Strikes out swinging
Bottom of the 4th over - 3 runs, 5 hits, 0 errors, 2 left on base; Boston 0 - Oakland 4
TOP OF THE 5TH
Boston Red Sox batting - Pitching for Oakland Athletics : RHP Franklin Rojas
Batting: LHB Jarrett Mordecai 0-0: Ground out 6-3 (Groundball, 4M, EV 84.4 MPH)
Batting: LHB Zack Guillen 0-0: Ball
1-0: Ball
2-0: Ball
3-0: Called Strike
3-1: Called Strike
3-2: Foul Ball, location: 2F
3-2: Foul Ball, location: 2F
3-2: Ground out U3 (Groundball, 3, EV 94.4 MPH)
Batting: RHB Nick Esteves 0-0: Foul Ball, location: 2F
0-1: Ball
1-1: Swinging Strike
1-2: Foul Ball, location: 2F
1-2: Strikes out swinging
Top of the 5th over - 0 runs, 0 hits, 0 errors, 0 left on base; Boston 0 - Oakland 4
BOTTOM OF THE 5TH
Oakland Athletics batting - Pitching for Boston Red Sox : RHP Reece Nichols
Pitching: RHP Elijah Daniels
Batting: LHB Sakae Kasahara 0-0: Ball
1-0: SINGLE (Line Drive, 9S, EV 89.4 MPH)
Batting: SHB Quincy Bradford 0-0: Swinging Strike
0-1: Ball
1-1: Ball
2-1: Ball
3-1: 2-RUN HOME RUN (Flyball, 7D, EV 105.6 MPH), Distance : 393 ft
Batting: RHB Randy Shrewsbury 0-0: Foul Ball, location: 2F
0-1: Fly out, F3 (Line Drive, 3L, EV 70.0 MPH)
Batting: LHB Al Hernandez 0-0: Ground out U3 (Groundball, 3L, EV 83.8 MPH)
Batting: SHB Ryan Langlois 0-0: Called Strike
0-1: SINGLE (Line Drive, 8RS, EV 91.9 MPH)
Batting: RHB Philip Jansen 0-0: Called Strike
0-1: Ball
1-1: Ground out 1-3 (Groundball, 13S, EV 69.4 MPH)
Bottom of the 5th over - 2 runs, 3 hits, 0 errors, 1 left on base; Boston 0 - Oakland 6
TOP OF THE 6TH
Boston Red Sox batting - Pitching for Oakland Athletics : RHP Franklin Rojas
Batting: SHB Greg Shaw 0-0: Ball
1-0: Swinging Strike
1-1: Swinging Strike
1-2: Strikes out swinging, 2-3 out at first.
Batting: SHB Willie Koviak 0-0: Called Strike
0-1: Swinging Strike
0-2: Strikes out looking
Batting: RHB Cesar Breceda 0-0: Ball
1-0: SINGLE (Groundball, 3L, EV 96.9 MPH)
Batting: LHB Shoichi Aso 0-0: Foul Ball, location: 2F
0-1: Called Strike
0-2: Ball
1-2: Strikes out swinging
Top of the 6th over - 0 runs, 1 hit, 0 errors, 1 left on base; Boston 0 - Oakland 6
BOTTOM OF THE 6TH
Oakland Athletics batting - Pitching for Boston Red Sox : RHP Elijah Daniels
Batting: SHB Moe Lester 0-0: Called Strike
0-1: Ball
1-1: Ground out 4-3 (Groundball, 4, EV 85.6 MPH)
Batting: RHB Muneo Kawachi 0-0: Called Strike
0-1: Reached on error, E3 (Groundball, 3, EV 76.2 MPH)
Batting: LHB Joel Kunkler 0-0: Called Strike
0-1: Ball
1-1: Ball
2-1: Ball
3-1: Called Strike
3-2: Strikes out swinging
Muneo Kawachi steals 2nd base
Batter strikes out.
Pitching: LHP Zack McGovern
Batting: LHB Sakae Kasahara 0-0: Swinging Strike
0-1: Fly out, F4 (Popup, 4, EV 79.4 MPH)
Bottom of the 6th over - 0 runs, 0 hits, 1 error, 1 left on base; Boston 0 - Oakland 6
TOP OF THE 7TH
Boston Red Sox batting - Pitching for Oakland Athletics : RHP Franklin Rojas
Batting: LHB Kevin McCormic Jr. 0-0: Ball
1-0: Ground out 6-3 (Groundball, 6, EV 103.1 MPH)
Batting: RHB David Price Jr. 0-0: Ball
1-0: Ball
2-0: Foul Ball, location: 2F
2-1: SINGLE (Groundball, 4MD, EV 102.5 MPH)
Batting: LHB Jarrett Mordecai 0-0: Called Strike
0-1: Fly out, F9 (Flyball, 89M, EV 81.9 MPH)
Batting: LHB Zack Guillen 0-0: Ball
1-0: Swinging Strike
1-1: Called Strike
1-2: Strikes out looking
Top of the 7th over - 0 runs, 1 hit, 0 errors, 1 left on base; Boston 0 - Oakland 6
BOTTOM OF THE 7TH
Oakland Athletics batting - Pitching for Boston Red Sox : LHP Zack McGovern
Batting: SHB Quincy Bradford 0-0: Called Strike
0-1: Ball
1-1: Fly out, F9 (Line Drive, 9D, EV 98.1 MPH)
Batting: RHB Randy Shrewsbury 0-0: Ground out 3-1 (Groundball, 34, EV 87.5 MPH)
Batting: LHB Al Hernandez 0-0: Ball
1-0: Ball
2-0: Ball
3-0: Called Strike
3-1: Base on Balls
Batting: SHB Ryan Langlois 0-0: Called Strike
0-1: SINGLE (Line Drive, 9LS, EV 93.1 MPH)
Al Hernandez to second
Runner from 2nd tries for 3rd, SAFE, throw by RF made to third
Batting: RHB Philip Jansen 0-0: Called Strike
0-1: Called Strike
0-2: Ball
1-2: Strikes out looking
Bottom of the 7th over - 0 runs, 1 hit, 0 errors, 2 left on base; Boston 0 - Oakland 6
TOP OF THE 8TH
Boston Red Sox batting - Pitching for Oakland Athletics : RHP Franklin Rojas
Batting: RHB Nick Esteves 0-0: Foul Ball, location: 2F
0-1: Ball
1-1: Ball
2-1: Foul Ball, location: 2F
2-2: Foul Ball, location: 2F
2-2: Foul Ball, location: 2F
2-2: Fly out, F8 (Flyball, 8LXD, EV 82.5 MPH)
Batting: SHB Greg Shaw 0-0: Ground out 4-3 (Groundball, 4S, EV 65.6 MPH)
Batting: SHB Willie Koviak 0-0: Called Strike
0-1: SINGLE (Groundball, 4MD, EV 105.0 MPH)
Batting: RHB Cesar Breceda 0-0: Ball
1-0: Called Strike
1-1: Swinging Strike
1-2: Fielders Choice at 2nd, 5-4 (Groundball, 56D, EV 85.6 MPH)
Top of the 8th over - 0 runs, 1 hit, 0 errors, 1 left on base; Boston 0 - Oakland 6
BOTTOM OF THE 8TH
Oakland Athletics batting - Pitching for Boston Red Sox : LHP Zack McGovern
Batting: SHB Moe Lester 0-0: Called Strike
0-1: Foul Ball, location: 2F
0-2: Strikes out swinging
Batting: RHB Muneo Kawachi 0-0: Ball
1-0: Ball
2-0: Called Strike
2-1: Ball
3-1: Base on Balls
Pitching: RHP Billy Fitzgerald
Batting: LHB Joel Kunkler 0-0: Ball
1-0: Ball
2-0: Ball
3-0: Base on Balls
Muneo Kawachi to second
Batting: LHB Sakae Kasahara 0-0: Ball
Wild Pitch!
Muneo Kawachi to third
Joel Kunkler to second
1-0: Ball
2-0: Called Strike
2-1: Ball
3-1: Base on Balls
Batting: SHB Quincy Bradford 0-0: Ball
1-0: Called Strike
1-1: Fly out, F8 (Flyball, 8RM, EV 87.5 MPH)
Batting: RHB Randy Shrewsbury 0-0: Fly out, F6 (Flyball, 6MD, EV 93.8 MPH)
Bottom of the 8th over - 0 runs, 0 hits, 0 errors, 3 left on base; Boston 0 - Oakland 6
TOP OF THE 9TH
Boston Red Sox batting - Pitching for Oakland Athletics : RHP Franklin Rojas
Batting: LHB Shoichi Aso 0-0: Called Strike
0-1: Ball
1-1: Ball
2-1: Ball
3-1: DOUBLE (Groundball, 5L, EV 103.1 MPH)
Batting: LHB Kevin McCormic Jr. 0-0: Ball
1-0: Foul Ball, location: 2F
1-1: Swinging Strike
1-2: Strikes out looking
Batting: RHB David Price Jr. 0-0: Foul Ball, location: 2F
0-1: Ball
1-1: Foul Ball, location: 2F
1-2: Strikes out looking
Batting: LHB Jarrett Mordecai 0-0: Ball
1-0: Ball
2-0: Ball
3-0: Called Strike
3-1: Ground out U3 (Groundball, 34, EV 88.8 MPH)
Top of the 9th over - 0 runs, 1 hit, 0 errors, 1 left on base; Boston 0 - Oakland 6
Thursday, December 15th , 2022 - OOTP Baseball 23.9 Build 102